 Dungeon Crawl Stone Soup version 0.30.0-29-ga12c61a403 (webtiles) character file.

Game seed: 13403539403264237379

876 olmar the Magician (level 7, -7/52 HPs)
             Began as a Mummy Necromancer on June 6, 2023.
             Mangled by an orc warrior
             ... wielding a +0 scimitar
              (14 damage)
             ... on level 5 of the Dungeon.
             The game lasted 00:09:26 (4859 turns).

olmar the Magician (Mummy Necromancer)              Turns: 4859, Time: 00:09:27

Health: -7/52      AC:  3    Str: 12    XL:     7   Next: 74%
Magic:  0/17       EV: 12    Int: 16    God:
Gold:   921        SH:  5    Dex: 12    Spells: 16/20 levels left

rFire   x . .        c - +0 quarterstaff
rCold   + . .        (shield currently unavailable)
rNeg    + + +        a - +0 robe
rPois   ∞            j - +0 helmet
rElec   .            (no cloak)
rCorr   .            (no gloves)
SInv    .            (no boots)
Will    .....        i - amulet of reflection
Stlth   +            (no ring)
HPRegen 0.28/turn    (no ring)
MPRegen 0.15/turn

%: reflection, faith
@: about to teleport, studying Throwing, very slow
A: cold resistance 1, negative energy resistance 3, torment resistance 2, heat
vulnerability 1, in touch with death 1, no potions, faith
a: no special abilities


You were on level 5 of the Dungeon.
You visited 1 branch of the dungeon, and saw 5 of its levels.

You collected 921 gold pieces.

Inventory:

Hand Weapons
 c - a +0 quarterstaff (weapon)
Missiles
 d - 2 javelins
 g - a throwing net
Armour
 a - a +0 robe (worn)
 j - a +0 helmet (worn)
Jewellery
 i - an amulet of reflection (around neck)
Scrolls
 b - a scroll of fog
 e - 2 scrolls of vulnerability
 f - a scroll of enchant weapon
 h - a scroll of blinking
 k - a scroll of teleportation


   Skills:
 + Level 3.2 Fighting
 - Level 1.5 Staves
 - Level 1.5 Dodging
 - Level 1.5 Stealth
 + Level 7.1 Spellcasting
 + Level 6.8 Necromancy


You had 16 spell levels left.
You knew the following spells:

 Your Spells              Type           Power      Damage    Failure   Level
a - Necrotise             Necr           100%       1d9       1%          1
b - Vampiric Draining     Necr           41%        2d8       2%          3

Your spell library contained the following spells:

 Spells                   Type           Power      Damage    Failure   Level
 Animate Dead             Necr           41%        N/A       8%          4
 Shock                    Conj/Air       20%        1d4       12%         1
 Agony                    Necr           41%        N/A       21%         5
 Swiftness                Air            5%         N/A       36%         3
 Vhi's Electric Charge    Tloc/Air       10%        N/A       36%         3
 Airstrike                Air            2%         2d(1-17)  77%         4
 Arcjolt                  Conj/Air       2%         1d12      98%         5
 Maxwell's Capacitive Co  Air            2%         ∞         100%        8


Dungeon Overview and Level Annotations

Branches:
Dungeon (5/15)
 Temple: D:4-7

Altars:
Ru
Sif Muna

Annotations:
D:3 Sigmund


Innate Abilities, Weirdness & Mutations

You are immune to poison.
Your flesh is cold resistant. (rC+)
You are immune to negative energy. (rN+++)
You are immune to unholy pain and torment.
You are vulnerable to heat. (rF-)
You are in touch with the powers of death.
You do not drink.
You have a special connection with the divine. (Faith)


Message History

The orc warrior attacks as you move away!
The orc warrior hits you with a +0 scimitar.
The orc warrior attacks as you move away!
The orc warrior misses you. The orc wizard casts a spell at you.
You are confused.
The orc wizard casts a spell at you.
You easily resist.
The orc warrior hits you with a +0 scimitar!
You are too confused!
You can't drink.
You are too confused!
The orc attacks as you move away! The orc barely misses you.
The orc attacks as you move away! The orc hits you but does no damage.
The orc attacks as you move away! The orc hits you with a +0 short sword.
* * * LOW HITPOINT WARNING * * *
The orc attacks as you move away! The orc hits you with a +0 short sword.
* * * LOW HITPOINT WARNING * * *
You enter the shallow water.
Moving in this stuff is going to be slow.
You're too confused to move!
You feel less confused. The orc warrior barely misses you.
Okay, then.
Casting: Vampiric Draining (dangerous; 2% risk of failure)
Confirm with . or Enter, or press ? or * to list all spells.
Okay, then.
Aiming: Vampiric Draining (dangerous; 2% risk of failure)
Press: ? - help, Q - select action, (/) - cycle Shift-Dir - straight line, f/p - orc warrior
Aim: an orc warrior, wielding a +0 scimitar and wearing a +0 chain mail (heavily wounded)
You feel a surge of power!
You draw life force from the orc warrior.
You feel life coursing into your body. The orc barely misses you.
The orc warrior hits you with a +0 scimitar!
* * * LOW HITPOINT WARNING * * *
As you read the scroll of teleportation, it crumbles to dust.
You feel strangely unstable.
The orc warrior hits you with a +0 scimitar!
You die...

##....).....~~........##.....
#..........~~.........##.....
#.......?.~....~~(.).........
#.........~..~~..~...........
#..........~~....~...........
#...........o.⌠~~......#.....
#............~~⌠.......####'#
##....†#..oo~....~~...##.....
#......#...o@..~~..~..##.....
#............~~....~..##.....
#................~~. #.....
#...............~~.. #.....
#......#.###~~~~~~## #.....
#..#...##.###~~~~## #.....
####...##...###### #...$.
#.............# #######
#.............# ...#......


You could see an orc warrior, an orc wizard and 2 orcs.

Vanquished Creatures
  2 phantoms
  A bullfrog (D:5)
  2 scorpions
  A jelly (D:4)
  2 orc priests (D:5)
  Jessica (D:2)
  A sleepcap (D:4)
  3 iguanas
  5 orc wizards
  4 gnolls (D:4)
  6 adders
  A white imp (D:5)
  A dart slug (D:1)
  5 orcs
  6 endoplasms
  4 giant cockroaches
  6 goblins
  4 hobgoblins
  5 jackals
  5 quokkas
  5 ball pythons
  4 bats
  5 frilled lizards
  4 kobolds
  4 rats
87 creatures vanquished.

Vanquished Creatures (collateral kills)
  A hound (D:5)
  A worm (D:2)
  An orc (D:5)
  An endoplasm (D:1)
  A hobgoblin (D:1)
5 creatures vanquished.

Grand Total: 92 creatures vanquished

Notes
Turn   | Place    | Note
-------+----------+-------------------------------------------
     0 | D:1      | olmar the Mummy Necromancer began the quest for the Orb.
     0 | D:1      | Reached XP level 1. HP: 13/13 MP: 4/4
   277 | D:1      | Reached XP level 2. HP: 19/19 MP: 2/5
   587 | D:1      | Reached skill level 3 in Spellcasting
  1020 | D:2      | Noticed Jessica
  1036 | D:2      | Killed Jessica
  1037 | D:2      | Reached skill level 1 in Staves
  1037 | D:2      | Gained mutation: You are in touch with the powers of death.
                  | [Mummy growth]
  1037 | D:2      | Reached XP level 3. HP: 25/25 MP: 2/7
  1051 | D:2      | Learned a level 3 spell: Vampiric Draining
  1658 | D:3      | Reached XP level 4. HP: 31/31 MP: 9/9
  2276 | D:3      | Noticed Sigmund
  2407 | D:4      | Noticed a phantom
  2418 | D:4      | Reached skill level 1 in Fighting
  2419 | D:4      | Identified a scroll of acquirement
  2419 | D:4      | Acquired 706 gold pieces
  2625 | D:3      | Found a sacrificial altar of Ru.
  2642 | D:3      | Reached skill level 4 in Spellcasting
  2642 | D:3      | Reached skill level 5 in Necromancy
  2642 | D:3      | Reached XP level 5. HP: 33/37 MP: 8/11
  2959 | D:3      | Killed a phantom
  3285 | D:4      | Reached XP level 6. HP: 30/45 MP: 13/13
  3513 | D:4      | Reached skill level 5 in Spellcasting
  3767 | D:5      | Entered Level 5 of the Dungeon
  4209 | D:5      | Reached XP level 7. HP: 47/51 MP: 4/15
  4230 | D:4      | Reached skill level 6 in Spellcasting
  4355 | D:5      | Found a shimmering blue altar of Sif Muna.
  4836 | D:5      | Reached skill level 7 in Spellcasting
  4859 | D:5      | Mangled by an orc warrior

Illustrated notes

Levels and vault maps discovered:
D:1:      dpeg_arrival_radiant, layout_loops_ring, minivault_27,
          minmay_misc_feat_rugged, serial_bayou_pond_d
D:2:      layout_rooms, minmay_misc_feat_encased, uniq_jessica
D:3:      layout_basic, nicolae_ru_great_annihilating_truth,
          kennysheep_generic_room_13, uniq_sigmund
D:4:      layout_basic
D:5:      cheibrodos_helix_gallery, layout_gridville, led_sif_book

Skill      XL: |  1  2  3  4  5  6  7 |
---------------+----------------------+-----
Spellcasting   | 3 4 5 7 |  7.1
Staves         | 1 |  1.5
Fighting       | 1 2 3 |  3.2
Necromancy     | 5 6 |  6.8
Dodging        | |  1.5
Stealth        | |  1.5

Action                     |  1- 3 |  4- 6 |  7- 9 || total
---------------------------+-------+-------+-------++-------
  Melee: Quarterstaff      |    60 |   122 |    39 ||   221
   Cast: Necrotise         |    28 |    32 |    15 ||    75
         Vampiric Draining |       |    10 |    17 ||    27
    Use: Scroll            |     4 |     5 |     1 ||    10
   Stab: Sleeping          |     6 |     2 |       ||     8
 Armour: Robe              |    15 |    23 |    11 ||    49
  Dodge: Dodged            |    58 |    66 |    40 ||   164
  Block: Other             |     1 |    33 |    15 ||    49
